 Dungeon Crawl Stone Soup version 0.20-a0-809-gaf7f668 (webtiles) character file.

1064 George the Carver (level 8, -7/66 HPs)
             Began as a Minotaur Fighter on Mar 3, 2017.
             Splashed by a brown ugly thing's acid (12 damage)
             ... on level 6 of the Dungeon.
             The game lasted 00:08:50 (4641 turns).

George the Carver (Minotaur Fighter)                Turns: 4641, Time: 00:08:51

Health: -7/66      AC:  5    Str: 18    XL:     8   Next: 6%
Magic:  7/7        EV:  5    Int:  5    God:
Gold:   309        SH:  0    Dex: 17    Spells: 7/7 levels left

rFire    . . .     SeeInvis .   a - +0 long sword
rCold    . . .     Gourm    .   n - +0 chain mail of Boiling Hail {Str-3 Dex+5} (curse)
rNeg     + . .     Faith    .   c - +0 shield
rPois    .         Spirit   .   (helmet restricted)
rElec    .         Reflect  .   (no cloak)
rCorr    .         Harm     .   (no gloves)
MR       +....                  (no boots)
Stlth    ..........             p - amulet of rage
Regen    0.3/turn               j - ring of protection from magic
MPRegen  0.1/turn               i - ring of positive energy

@: confused, corroded
A: retaliatory headbutt, horns 2
a: Evoke Berserk Rage


You were on level 6 of the Dungeon.
You were not hungry.

You visited 2 branches of the dungeon, and saw 7 of its levels.

You collected 309 gold pieces.

Inventory:

Hand Weapons
 a - a +0 long sword (weapon)
Armour
 c - a +0 shield (worn)
 k - a +0 chain mail
 n - the cursed +0 chain mail of Boiling Hail (worn) {Str-3 Dex+5}
   (You found it on level 4 of the Dungeon)

   It affects your strength (-3).
   It affects your dexterity (+5).
   It has a curse placed upon it.
Jewellery
 i - a ring of positive energy (left hand)
 j - a ring of protection from magic (right hand)
 p - an amulet of rage (around neck)
 s - an uncursed ring of positive energy
 y - an uncursed ring of ice
Scrolls
 e - a scroll of blinking {unknown}
 q - 2 scrolls of teleportation
 r - a scroll of remove curse {unknown}
 t - a scroll of magic mapping {unknown}
 u - a scroll of recharging {unknown}
 w - a scroll of amnesia {unknown}
Potions
 b - a potion of agility
 d - a potion of might
 h - a potion of haste
 l - 7 potions of curing
 m - 2 potions of heal wounds
 x - a potion of invisibility {unknown}
Comestibles
 f - 9 bread rations
 g - 4 meat rations
 o - a royal jelly


   Skills:
 - Level 4.1 Fighting
 + Level 10.8 Long Blades
 - Level 4.3 Armour
 - Level 4.1 Shields


You had 7 spell levels left.
You didn't know any spells.

Dungeon Overview and Level Annotations

Branches:
Dungeon (6/15)             Temple (1/1) D:5

Altars:
Ashenzari
Cheibriados
Dithmenos
Elyvilon
Gozag
Hepliaklqana
Kikubaaqudgha
Makhleb
Nemelex Xobeh
Qazlal
Ru
Sif Muna
Trog
Uskayaw
Vehumet
Yredelemnul
Zin
The Shining One


Innate Abilities, Weirdness & Mutations

You reflexively headbutt those who attack you in melee.
You have a pair of horns on your head.


Message History

You are confused.
You feel invigorated.
The brown ugly thing stings you but does no damage.
You closely miss the brown ugly thing.
The brown ugly thing is heavily wounded.
The brown ugly thing stings you!
* * * LOW HITPOINT WARNING * * *
You are splashed with acid!
The acid burns!
* * * LOW HITPOINT WARNING * * *
You bump into the metal wall.
The brown ugly thing stings you but does no damage.
You bump into the metal wall.
The brown ugly thing barely misses you.
You bump into the metal wall.
The brown ugly thing stings you!
* * * LOW HITPOINT WARNING * * *
The acid corrodes you!
You are splashed with acid!
The acid burns!
* * * LOW HITPOINT WARNING * * *
You bump into the metal wall.
The brown ugly thing stings you!
* * * LOW HITPOINT WARNING * * *
You are splashed with acid!
The acid burns!
You die...

.....#.#.# #.# #.... .#...#..)##
###......# #.# #..# #...#...#.(.
#..#.#.###.###..####.....#.....
#..#.#...............##....#...
###..#.#.#######.####.........#..
.....#.#.# #.# #....##....#†
####.#.#.# #.# #...........
#.#.#.# #u# ##..##.....[# #.#.#.#
#@# #........#...
#.#.#.#######.## #......#.#...
#......<.......# #......#...#.
#####.......###(.###.##.......#.
#.>.............................
#.####...#############....####.#
##.# ##.## ###### #.# ...# #.# #
# ########.#


You could see a brown ugly thing.

Vanquished Creatures
  The ghost of Faldahar the Cudgeler, an amateur GrMo of the Shining One (D:4)
  An ogre (D:3)
  A bullfrog (D:6)
  2 scorpions
  A crimson imp (D:5)
  3 orc priests
  6 orc wizards
  A centaur skeleton (D:6)
  An iguana (D:5)
  6 worker ants
  5 adders
  A white imp (D:5)
  An adder skeleton (D:4)
  A worm (D:5)
  A dart slug (D:1)
  5 leopard geckos
  20 orcs
  5 bats
  6 giant cockroaches
  6 goblins
  11 hobgoblins
  6 jackals
  A quokka (D:4)
  3 ball pythons
  5 frilled lizards
  4 kobolds
  2 quokka skeletons
  8 rats
114 creatures vanquished.

Notes
Turn   | Place    | Note
-------+----------+-------------------------------------------
     0 | D:1      | George the Minotaur Fighter began the quest for the Orb.
     0 | D:1      | Reached XP level 1. HP: 19/19 MP: 0/0
   120 | D:1      | Reached XP level 2. HP: 27/27 MP: 1/1
   156 | D:1      | Reached skill level 3 in Long Blades
   592 | D:1      | Reached XP level 3. HP: 33/33 MP: 2/2
  1425 | D:2      | Found a faded altar of an unknown god.
  1436 | D:2      | Reached XP level 4. HP: 35/40 MP: 3/3
  1614 | D:3      | Reached skill level 4 in Long Blades
  1651 | D:3      | Noticed an ogre
  1670 | D:3      | Killed an ogre
  1670 | D:3      | Reached skill level 5 in Long Blades
  1670 | D:3      | Reached XP level 5. HP: 16/46 MP: 4/4
  1925 | D:3      | Reached skill level 6 in Long Blades
  2172 | D:4      | Reached XP level 6. HP: 38/52 MP: 5/5
  2187 | D:4      | Got a jewelled chain mail
  2201 | D:4      | Identified the cursed +0 chain mail of Boiling Hail {Str-3 Dex+5} (You found it on level 4 of the Dungeon)
  2290 | D:4      | Noticed Faldahar's ghost (amateur GrMo)
  2333 | D:4      | Killed Faldahar's ghost
  2333 | D:4      | Reached skill level 7 in Long Blades
  2718 | D:4      | Reached skill level 8 in Long Blades
  2770 | D:4      | Reached XP level 7. HP: 48/59 MP: 6/6
  2946 | D:4      | Reached skill level 9 in Long Blades
  3449 | D:5      | Entered Level 5 of the Dungeon
  3547 | D:5      | Found a staircase to the Ecumenical Temple.
  3597 | D:5      | Found a stormy altar of Qazlal.
  3708 | Temple   | Entered the Ecumenical Temple
  4007 | D:5      | Reached skill level 10 in Long Blades
  4176 | D:5      | Found a radiant altar of Vehumet.
  4522 | D:6      | Reached XP level 8. HP: 60/66 MP: 7/7
  4597 | D:6      | Noticed a brown ugly thing
  4641 | D:6      | Splashed by a brown ugly thing's acid

Vault maps used:
D:1:      minmay_arrival_stone_box, dk_noncrumbling_4, st_stairs_5
D:2:      chequers_ecumenical_altar_simple_redux
D:3:      first_bread, lemuel_another_geyser
D:4:      minmay_misc_feat_encased
D:5:      lemuel_ice_spiral_2, lemuel_crystal_altar, minmay_temple_entry_mist,
          basic_altar, glass_columns_c, minmay_fire_ice_demons
D:6:      fedhas_altar_2, nicolae_overflow_crystal_walls,
          hangedman_decor_peaks_small
Temple:   eino_temple_rhombus

Skill      XL: |  1  2  3  4  5  6  7 |
---------------+----------------------+-----
Long Blades    | 3 5 6 8 10 | 10.8
Armour         | 4 |  4.3
Shields        | 4 |  4.1
Fighting       | 4 |  4.1

Action                   |  1- 3 |  4- 6 |  7- 9 || total
-------------------------+-------+-------+-------++-------
Melee: Long sword        |    95 |   119 |   130 ||   344
       Headbutt          |    10 |    22 |    26 ||    58
  Use: Scroll            |       |     4 |     5 ||     9
       Potion            |       |       |     1 ||     1
  Eat: Chunk             |     1 |     5 |     6 ||    12
Armor: Scale mail        |    24 |       |       ||    24
       Chain mail        |    18 |    56 |    47 ||   121
Dodge: Dodged            |    24 |    26 |    17 ||    67
Block: Shield            |    47 |    71 |    42 ||   160
       Rpst.: Long sword |     7 |     7 |     5 ||    19
